 Dungeon Crawl Stone Soup version 0.30-a0-457-g4b7bca3bfa (webtiles) character file.

Game seed: 16207897425801325037

3450 Jackthecabe the Destroyer (level 9, -3/62 HPs)
             Began as a Demigod Conjurer on Dec 12, 2022.
             Slain by a hornet (7 damage)
             ... on level 8 of the Dungeon.
             The game lasted 00:16:05 (8937 turns).

Jackthecabe the Destroyer (Demigod Conjurer)        Turns: 8937, Time: 00:16:06

Health: -3/62      AC:  5    Str:  8    XL:     9   Next: 49%
Magic:  1/5        EV: 12    Int: 32    God:
Gold:   392        SH:  0    Dex: 16    Spells: 2/14 levels left

rFire   . . .      SeeInvis .    r - +10 mace of Fuzzy Valour {antimagic, rCorr Dex+4}
rCold   . . .      Faith    .    (no shield)
rNeg    . . .      Spirit   .    a - +0 robe
rPois   .          Reflect  .    E - +0 helmet
rElec   .          Harm     .    (no cloak)
rCorr   +          Rampage  +    (no gloves)
Will    .....                    A - +1 pair of boots {rampage}
Stlth   ++........               (no amulet)
HPRegen 0.30/turn                (no ring)
MPRegen 0.09/turn                (no ring)

@: lethally poisoned (-3 -> -27), slowed, very slow
A: high MP 1, forlorn, divine attributes
a: no special abilities


You were on level 8 of the Dungeon.
You visited 1 branch of the dungeon, and saw 8 of its levels.

You collected 392 gold pieces.


Innate Abilities, Weirdness & Mutations

You have an increased reservoir of magic. (+10% MP)
You shall have no god before yourself.
Your divine heritage dramatically boosts your attributes as you level up.


   Skills:
 - Level 1.7 Dodging
 - Level 1.7 Stealth
 - Level 3.0 Spellcasting
 - Level 8.0 Conjurations
 - Level 6.0 Hexes
 - Level 6.0 Ice Magic
 + Level 5.5 Air Magic


You had 2 spell levels left.
You knew the following spells:

 Your Spells              Type           Power      Damage    Failure   Level
c - Freezing Cloud        Conj/Ice/Air   23%        6-21      12%         5
f - Fulminant Prism       Conj/Hex       24%        3d12      3%          4
m - Magic Dart            Conj           100%       1d8       1%          1
s - Searing Ray           Conj           100%       2d8       1%          2

Your spell library contained the following spells:

 Spells                   Type           Power      Damage    Failure   Level
 Dazzling Flash           Conj/Hex       98%        N/A       1%          3
 Stone Arrow              Conj/Erth      60%        3d10      3%          3
 Iskenderun's Mystic Bla  Conj/Tloc      30%        2d8       12%         4
 Sticky Flame             Conj/Fire      30%        2d5       12%         4
 Silence                  Hex/Air        20%        N/A       16%         5
 Ignite Poison            Fire/Tmut/Pois 4%         N/A       19%         3
 Yara's Violent Unravell  Hex/Tmut       12%        3d7       45%         5
 Animate Armour           Summ/Erth      8%         N/A       52%         4
 Agony                    Necr           4%         N/A       86%         5
 Simulacrum               Ice/Necr       12%        N/A       95%         6
 Enfeeble                 Hex            21%        N/A       99%         7
 Ignition                 Fire           2%         3d3       100%        8
 Lehudib's Crystal Spear  Conj/Erth      15%        10d5      100%        8
 Polar Vortex             Ice            21%        N/A       100%        9

Inventory:

Hand Weapons
 r - the +10 mace of Fuzzy Valour (weapon) {antimagic, rCorr Dex+4}
   (You found it on level 3 of the Dungeon)

   It reduces the magical energy of the wielder, and disrupts the spells and
   magical abilities of those it strikes.
   Natural abilities and divine invocations are not affected.
   Dex:       It affects your dexterity (+4).
   rCorr:     It protects you from acid and corrosion.
Missiles
 d - 6 stones
Armour
 a - a +0 robe (worn)
 n - a +0 buckler
   (You found it on level 2 of the Dungeon)
 A - a +1 pair of boots of rampaging (worn)
   (You found it on level 5 of the Dungeon)
 E - a +0 helmet (worn)
   (You found it on level 6 of the Dungeon)
 I - a scarf of harm
   (You found it on level 6 of the Dungeon)
 K - +0 steam dragon scales
   (You took it off Maggie on level 7 of the Dungeon)
Magical Staves
 H - a staff of death {!a}
   (You found it on level 6 of the Dungeon)
Jewellery
 C - a ring of protection from cold
   (You found it on level 5 of the Dungeon)
 F - a ring of fire
   (You found it on level 2 of the Dungeon)
 L - a ring of flight
   (You found it on level 1 of the Dungeon)
Wands
 w - a wand of paralysis (9)
   (You found it on level 4 of the Dungeon)
 x - a wand of flame (9)
   (You found it on level 5 of the Dungeon)
 G - a wand of polymorph (26)
   (You found it on level 6 of the Dungeon)
 J - a wand of mindburst (18)
   (You took it off Maggie on level 7 of the Dungeon)
Scrolls
 b - a scroll of vulnerability {unknown}
 f - a scroll of blinking {unknown}
 g - a scroll of amnesia {unknown}
 k - a scroll of poison {unknown}
 l - 9 scrolls of identify {unknown}
 m - 2 scrolls of torment {unknown}
 o - 2 scrolls of acquirement {unknown}
 s - a scroll of immolation {unknown}
 t - a scroll of silence {unknown}
 u - a scroll of enchant weapon {unknown}
 y - 2 scrolls of fog {unknown}
 B - a scroll of magic mapping {unknown}
 M - a scroll of teleportation {unknown}
Potions
 c - 3 potions of degeneration {unknown}
 e - a potion of flight {unknown}
 h - 2 potions of ambrosia {unknown}
 i - 3 potions of might {unknown}
 j - 2 potions of berserk rage {unknown}
 p - 4 potions of curing {unknown}
 q - 4 potions of heal wounds {@q2}
 v - a potion of brilliance {unknown}
 z - a potion of attraction {unknown}
 D - a potion of lignification {unknown}

Dungeon Overview and Level Annotations

Branches:
Dungeon (8/15) Zot: 26567  Temple (0/1) D:5            Lair (0/5) D:8

Shops:
D:2 *

Annotations:
D:4 1 runed translucent door, p00ps00p's ghost, amateur HOFi

...............# .........
...............# #........
..............## ##........
.............y.## ###..†......
................#####...####....
...........####........## .
....######## ##.†..#.## .####
#†y###.# ## #@## ### # ### #


You could see a hornet.


Message History

The howler monkey howls!
The howler monkey hoots and howls with incredible vigour!
You barely miss the howler monkey.
The howler monkey hits you. 😮 HP[-1] MP[+1]
You take 1 damage, and now have 41/62 hp.
Casting: Searing Ray (safe; 1% risk of failure)
Confirm with . or Enter, or press ? or * to list all spells.
Aiming: Fulminant Prism (dangerous; 3% risk of failure)
Press: ? - help, Dir - move target You conjure a prism of explosive energy!
A fulminant prism comes into view.
The howler monkey hits you. 😮 HP[-1] MP[-4]
You take 1 damage, and now have 40/62 hp.
You lost 4 mp, and now have 2/16 mp.
Unknown command.
Casting: Fulminant Prism (dangerous; 3% risk of failure)
Confirm with . or Enter, or press ? or * to list all spells.
Aiming: Searing Ray (safe; 1% risk of failure)
Press: ? - help, Shift-Dir - straight line, f - howler monkey
Aim: a howler monkey (catching its breath, 81% to hit)
The searing ray hits the hornet!
The searing ray hits the howler monkey! (Press . to maintain the ray.)
The hornet barely misses you.
The howler monkey hoots and howls with incredible vigour!
The hornet stings you but does no damage.
The howler monkey hits you but does no damage.
Your fulminant prism crackles loudly. 😮 MP[-2]
You lost 2 mp, and now have 0/16 mp.
Unknown command.
Without enough magic to sustain it, your searing ray dissipates.
The hornet stings you.
You suddenly lose the ability to move!
The howler monkey hoots and howls with incredible vigour! x2
The blast of energy engulfs the howler monkey!!
You kill the howler monkey!
The blast of energy engulfs the howler monkey!!!
You kill the howler monkey!
The blast of energy engulfs the hornet!
The hornet stings you!
* * * LOW HITPOINT WARNING * * *
You shrug off the repeated paralysis!
The hornet stings you.
* * * LOW HITPOINT WARNING * * *
You are poisoned.
You shrug off the repeated paralysis!
You can move again. 😨 HP[-17]
You take 17 damage, and now have 23/62 hp.
MASSIVE DAMAGE!! (PAUSE)
You feel agile.
You feel magic leave you.
r - the +10 mace of Fuzzy Valour (weapon)
{antimagic, rCorr Dex+4} You feel sick. 😨 HP[-2]
You take 2 damage, and now have 21/62 hp.
Unknown command.
You hit the hornet.
You feel very sick.
The hornet stings you but does no damage. x2
The hornet stings you!
* * * LOW HITPOINT WARNING * * *
You feel yourself slow down. 😱 HP[-15]
You take 15 damage, and now have 6/62 hp.
MASSIVE DAMAGE!! (PAUSE) It was a potion of heal wounds.
You feel much better.
You feel very sick.
The hornet stings you but does no damage.
The hornet stings you.
* * * LOW HITPOINT WARNING * * *
You feel as though you will be slow longer. 😨 HP[+20] MP[+1]
You regained 20 hp, and now have 26/62 hp.
Unknown command.
You miss the hornet.
You feel sick. The hornet closely misses you.
The hornet stings you but does no damage.
The hornet stings you!
* * * LOW HITPOINT WARNING * * *
You are more poisoned.
You feel as though you will be slow longer. 😱 HP[-11]
You take 11 damage, and now have 15/62 hp.
You feel much better.
You feel very sick. The hornet closely misses you. The hornet stings you!
You are more poisoned.
You feel as though you will be slow longer. 😮 HP[+19]
You regained 19 hp, and now have 34/62 hp.
You barely miss the hornet.
You feel extremely sick. The hornet stings you!
* * * LOW HITPOINT WARNING * * *
You feel as though you will be slow longer.
The hornet stings you!
* * * LOW HITPOINT WARNING * * *
You are more poisoned.
You feel as though you will be slow longer.
The hornet stings you!
You die...

Skill      XL: |  1  2  3  4  5  6  7  8  9 |
---------------+----------------------------+-----
Spellcasting   | 2 3 |  3.0
Conjurations   | 4 5 6 7 8 |  8.0
Hexes          | 3 5 6 |  6.0
Ice Magic      | 5 6 |  6.0
Air Magic      | 3 5 |  5.5
Dodging        | |  1.7
Stealth        | |  1.7

Action                   |  1- 3 |  4- 6 |  7- 9 || total
-------------------------+-------+-------+-------++-------
Melee: Unarmed           |    51 |       |    10 ||    61
       Mace              |       |     2 |     4 ||     6
 Cast: Magic Dart        |    91 |    71 |   115 ||   277
       Searing Ray       |     4 |     8 |    29 ||    41
       Fulminant Prism   |       |     3 |    16 ||    19
Evoke: Wand              |       |       |     1 ||     1
  Use: Potion            |     1 |       |     3 ||     4
Armor: Robe              |    21 |     2 |    17 ||    40
Dodge: Dodged            |    68 |     6 |    54 ||   128

Levels and vault maps discovered:
D:1:      dpeg_arrival_arbitrary_c, layout_basic,
          hellmonk_ecumenical_altar_arch_garden
D:2:      layout_basic, serial_shops, shop
D:3:      layout_loops_corners, minitemple, kennysheep_generic_room_2,
          uniq_jessica
D:4:      layout_gridville, gammafunk_ghost_grave
D:5:      layout_basic, minmay_temple_entry_butterflies, uniq_blork_the_orc
D:6:      layout_rooms, ashenzari_conservatory_becter, minmay_misc_feat_alley
D:7:      layout_loops_ring, hangedman_abyss_or_decor_passed, uniq_maggie
D:8:      layout_layer_cave, lemuel_zombie_altar_kikubaaqudgha,
          lair_entry_dummy, hangedman_decor_clover_reticule, minmay_checkerbox,
          uniq_prince_ribbit1

Notes
Turn   | Place    | Note
-------+----------+-------------------------------------------
     0 | D:1      | Jackthecabe the Demigod Conjurer began the quest for the
                  | Orb.
     0 | D:1      | Reached XP level 1. HP: 14/14 MP: 5/5
     0 | D:1      | magus.rc [v1.11.4]
   184 | D:1      | Reached skill level 2 in Spellcasting
   230 | D:1      | Reached skill level 4 in Conjurations
   230 | D:1      | Reached XP level 2. HP: 20/20 MP: 2/7
   446 | D:1      | HP: 3/20 [jackal (3)]
   655 | D:1      | Learned a level 2 spell: Searing Ray
   845 | D:1      | Reached XP level 3. HP: 13/26 MP: 2/8
  1673 | D:2      | Identified the +1 chain mail "Zapneut" {Int+2}
  1816 | D:2      | Reached skill level 5 in Conjurations
  1943 | D:2      | Found Qegruekk's Assorted Antiques.
  2665 | D:3      | You pick up a book of Ice and begin reading...
  2665 | D:3      | You add the spells Freezing Cloud, Simulacrum and Polar
                  | Vortex to your library.
  2687 | D:3      | Noticed Jessica
  2689 | D:3      | Killed Jessica
  2690 | D:3      | Reached XP level 4. HP: 33/33 MP: 5/9
  2735 | D:3      | Learned a level 4 spell: Fulminant Prism
  2996 | D:3      | You add the spells Ignite Poison, Sticky Flame and Ignition
                  | to your library.
  3049 | D:3      | Identified the +10 mace of Fuzzy Valour {antimagic, rCorr
                  | Dex+4}
  3260 | D:3      | Reached skill level 6 in Conjurations
  3260 | D:3      | Reached XP level 5. HP: 36/38 MP: 1/10
  3619 | D:4      | Reached skill level 1 in Hexes
  3728 | D:4      | Reached skill level 2 in Hexes
  3856 | D:4      | Found a runed translucent door.
  3857 | D:4      | Noticed p00ps00p's ghost (amateur HOFi)
  4380 | D:5      | Entered Level 5 of the Dungeon
  4519 | D:5      | You pick up a book of Misfortune and begin reading...
  4519 | D:5      | You add the spells Yara's Violent Unravelling and Enfeeble
                  | to your library.
  4605 | D:5      | Noticed a water moccasin
  4620 | D:5      | Killed a water moccasin
  4621 | D:5      | Reached skill level 3 in Hexes
  4621 | D:5      | Reached XP level 6. HP: 36/45 MP: 3/11
  4678 | D:5      | Noticed Blork the orc
  4778 | D:5      | Killed Blork the orc
  4779 | D:5      | Reached skill level 4 in Hexes
  5151 | D:5      | Found a staircase to the Ecumenical Temple.
  5274 | D:6      | Reached skill level 5 in Hexes
  5384 | D:6      | Reached XP level 7. HP: 50/50 MP: 5/13
  5647 | D:6      | Reached skill level 6 in Hexes
  5951 | D:6      | You pick up a book of Armaments and begin reading...
  5951 | D:6      | You add the spells Stone Arrow, Animate Armour and
                  | Lehudib's Crystal Spear to your library.
  6291 | D:7      | Noticed Maggie
  6298 | D:7      | Killed Maggie
  6299 | D:7      | Reached skill level 3 in Spellcasting
  6299 | D:7      | Reached skill level 7 in Conjurations
  6299 | D:7      | Reached XP level 8. HP: 36/57 MP: 1/15
  6416 | D:6      | HP: 14/57 [poisoned by a water moccasin]
  6421 | D:6      | HP: 7/57 [poisoned by a water moccasin]
  6645 | D:7      | Reached skill level 8 in Conjurations
  6650 | D:7      | Reached skill level 1 in Ice Magic
  6831 | D:7      | Reached skill level 2 in Ice Magic
  6969 | D:7      | Reached skill level 3 in Ice Magic
  7287 | D:7      | Reached skill level 4 in Ice Magic
  7327 | D:6      | Learned a level 5 spell: Freezing Cloud
  7399 | D:7      | Reached skill level 1 in Air Magic
  7734 | D:7      | Reached skill level 2 in Air Magic
  7781 | D:7      | Reached skill level 5 in Ice Magic
  7781 | D:7      | Reached skill level 3 in Air Magic
  7781 | D:7      | Reached XP level 9. HP: 26/62 MP: 3/16
  8522 | D:8      | Found a staircase to the Lair.
  8573 | D:8      | Reached skill level 6 in Ice Magic
  8573 | D:8      | Reached skill level 4 in Air Magic
  8720 | D:8      | You pick up a book of the Senses and begin reading...
  8720 | D:8      | You add the spells Agony and Silence to your library.
  8887 | D:8      | Noticed Prince Ribbit
  8897 | D:8      | Killed Prince Ribbit
  8898 | D:8      | Reached skill level 5 in Air Magic
  8930 | D:8      | Paralysed by a hornet for 2 turns
  8933 | D:8      | HP: 6/62 [hornet (12)]
  8937 | D:8      | Slain by a hornet

Vanquished Creatures
  Maggie (D:7)
  Prince Ribbit (D:8)
  A wyvern (D:8)
  4 vampire mosquitoes (D:7)
  3 water moccasins
  3 ice beasts (D:7)
  2 black bears
  A phantom (D:6)
  Blork the orc (D:5)
  2 kobold brigands
  A bullfrog (D:8)
  3 scorpions
  9 wights (D:7)
  3 howler monkeys
  A hound (D:5)
  2 orc priests
  3 jellies
  Jessica (D:3)
  4 orc wizards
  8 adders
  A gnoll (D:1)
  A shadow imp (D:5)
  A white imp (D:6)
  2 worms
  3 dart slugs
  11 orcs
  2 endoplasms
  3 giant cockroaches
  4 goblins
  4 hobgoblins (D:1)
  14 jackals
  3 quokkas (D:1)
  5 ball pythons
  3 bats (D:1)
  3 frilled lizards
  15 kobolds
  6 rats
  A butterfly (D:5)
136 creatures vanquished.

Vanquished Creatures (others)
  19 fulminant prisms
19 creatures vanquished.

Grand Total: 155 creatures vanquished

Table legend:
 A = Non-vault XP
 B = Vault XP
 C = Vault XP percentage of total XP
 D = Non-vault monster count
 E = Vault monster count
 F = Vault count percentage of total count
                 A         B        C        D         E       F
            +---------+---------+-------+---------+---------+-------
      Total |    4155 |     774 |  15.7 |     129 |       6 |   4.4
            +---------+---------+-------+---------+---------+-------
        D:1 |      64 |       0 |   0.0 |      29 |       0 |   0.0
        D:2 |      35 |       0 |   0.0 |      12 |       0 |   0.0
        D:3 |     129 |      42 |  24.6 |      18 |       3 |  14.3
        D:4 |      77 |       0 |   0.0 |       9 |       0 |   0.0
        D:5 |     359 |      99 |  21.6 |       7 |       1 |  12.5
        D:6 |     920 |       0 |   0.0 |      17 |       0 |   0.0
        D:7 |    2061 |     359 |  14.8 |      29 |       1 |   3.3
        D:8 |     510 |     274 |  34.9 |       8 |       1 |  11.1
            +---------+---------+-------+---------+---------+-------

Illustrated notes

Table legend:
 A = Kills in this place as a percentage of kills in entire the game.
 B = Kills by you in this place as a percentage of kills by you in the entire game.
 C = Kills by friends in this place as a percentage of kills by friends in the entire game.
 D = Other kills in this place as a percentage of other kills in the entire game.
 E = Experience gained in this place as a percentage of experience gained in the entire game.
 F = Experience gained in this place divided by the number of levels of this place that you have seen.
                   A       B       C       D       E      F
               +-------+-------+-------+-------+-------+----------------------
         Total | 100.0 | 100.0 |   N/A |   N/A | 100.0 | 616.1
       Dungeon | 100.0 | 100.0 |   N/A |   N/A | 100.0 | 616.1
               +-------+-------+-------+-------+-------+----------------------

Table legend: (Time is in decaauts)
 A = Elapsed time spent in this place.
 B = Non-inter-level travel time spent in this place.
 C = Inter-level travel time spent in this place.
 D = Time resting spent in this place.
 E = Time spent auto-exploring this place.
 F = Levels seen in this place.
 G = Mean time per level.
                   A        B        C        D        E       F      G
               +--------+--------+--------+--------+--------+-----+--------+
         Total |   8926 |   8647 |    279 |   1220 |   6472 |   8 | 1115.8 |
       Dungeon |   8926 |   8647 |    279 |   1220 |   6472 |   8 | 1115.8 |
               +--------+--------+--------+--------+--------+-----+--------+

Top non-repeatable levels by time:
     D:7: 1703 daAuts
     D:6: 1608 daAuts
     D:1: 1471 daAuts
     D:3: 1234 daAuts
     D:5: 879 daAuts
     D:4: 848 daAuts
     D:2: 832 daAuts
     D:8: 347 daAuts
